 Dungeon Crawl Stone Soup version 0.30-a0-930-gb9d0489357 (webtiles) character file.

Game seed: 12755251362284196253

66958 jasper the Severer (level 14, -2/129 HPs)
             Began as a Demonspawn Cinder Acolyte on Mar 23, 2023.
             Was an Initiate of Ignis.
             Slain by a sixfirhy (11 damage)
             ... summoned by an orc high priest
             ... on level 2 of the Orcish Mines.
             The game lasted 00:56:03 (23519 turns).

jasper the Severer (Demonspawn Cinder Acolyte)     Turns: 23519, Time: 00:56:03

Health: -2/129     AC: 22    Str: 24    XL:     14   Next: 81%
Magic:  15/15      EV:  8    Int: 20    God:    Ignis [......]
Gold:   2581       SH:  0    Dex:  9    Spells: 15/15 levels left

rFire   + . .      SeeInvis .    R - +8 battleaxe of Luud Idu {heavy, rC+ Stlth+}
rCold   + . .      Faith    .    (shield currently unavailable)
rNeg    + . .      Spirit   .    c - +1 chain mail
rPois   +          Reflect  .    e - +1 hat
rElec   .          Rampage  .    D - +0 cloak
rCorr   .                        Y - +0 pair of gloves
Will    +....                    r - +0 pair of boots Stlth
                                 d - amulet of Lugonu, Imbibing {*Slow rN+ Regen+ Int+3}
HPRegen 1.21/turn                C - ring "Gilo" {rPois Str+6}
MPRegen 0.14/turn                U - +4 ring of slaying

@: no status effects
A: molten scales 2, robust 1, demonic magic 3
a: Renounce Religion, Rising Flame


You were on level 2 of the Orcish Mines.
You worshipped Ignis.
Ignis was noncommittal.
You visited 3 branches of the dungeon, and saw 19 of its levels.
You also visited: Trove.

You collected 3266 gold pieces.
You spent 685 gold pieces at shops.

Inventory:

Hand Weapons
 l - a +6 executioner's axe of freezing
 u - a +7 heavy battleaxe
 R - the +8 battleaxe of Luud Idu (weapon) {heavy, rC+ Stlth+}
   (You found it in a treasure trove)

   rC:        It protects you from cold.
   Stlth:     It makes you more stealthy.
 S - the +9 battleaxe "Grim" {drain, rPois rF+ rN+ Str-4}
   (You found it in a treasure trove)

   Str:       It affects your strength (-4).
   rF:        It protects you from fire.
   rPois:     It protects you from poison.
   rN:        It protects you from negative energy.
 T - the +1 battleaxe of Premature Burial {flame, rF+ rC++ Will+ Int-3}
   (You found it in a treasure trove)

   Int:       It affects your intelligence (-3).
   rF:        It protects you from fire.
   rC:        It greatly protects you from cold.
   Will:      It increases your willpower.
Missiles
 m - a throwing net
 t - 32 poisoned darts (quivered)
 y - 78 stones
 A - 19 curare-tipped darts
 G - 4 atropa-tipped darts
 P - 3 javelins
 X - 5 silver javelins
Armour
 c - a +1 chain mail (worn)
 e - a +1 hat (worn)
 r - a +0 pair of boots (worn)
 D - a +0 cloak (worn)
 Y - a +0 pair of gloves (worn)
Jewellery
 a - a ring of ice
 d - the amulet of Lugonu, Imbibing (around neck) {*Slow rN+ Regen+ Int+3}
   (You bought it in a shop on level 11 of the Dungeon)

   [amulet of regeneration]

   Int:       It affects your intelligence (+3).
   rN:        It protects you from negative energy.
   Regen:     It increases your rate of health regeneration.
   *Slow:     It may slow you when you take damage.
 n - a ring of resist corrosion
 C - the ring "Gilo" (left hand) {rPois Str+6}
   (You found it on level 6 of the Dungeon)

   [ring of strength]

   Str:       It affects your strength (+6).
   rPois:     It protects you from poison.
 M - a ring of positive energy
 U - a +4 ring of slaying (right hand)
Wands
 j - a wand of charming (7)
 k - a wand of digging (6)
 I - a wand of roots (7)
 Q - a wand of polymorph (5)
Scrolls
 g - 3 scrolls of identify
 p - 4 scrolls of enchant armour
 s - 2 scrolls of amnesia
 x - 7 scrolls of fog
 z - 5 scrolls of vulnerability
 B - 2 scrolls of summoning
 L - 3 scrolls of teleportation
 N - 2 scrolls of immolation
Potions
 b - 2 potions of might
 f - a potion of flight
 h - 3 potions of haste
 i - 7 potions of curing
 o - 7 potions of mutation
 q - 3 potions of brilliance
 w - a potion of ambrosia
 E - 2 potions of lignification
 K - a potion of cancellation {unknown}
 V - 2 potions of invisibility {unknown}
 W - a potion of resistance
Miscellaneous
 v - a box of beasts (inert)


   Skills:
 + Level 13.1 Fighting
 * Level 16.9 Axes
 + Level 12.6 Armour
 - Level 1.0 Spellcasting
 - Level 2.6 Fire Magic
 - Level 5.2 Evocations


You had 15 spell levels left.
You didn't know any spells.
Your spell library contained the following spells:

 Spells                   Type           Power      Damage    Failure   Level
 Scorch                   Fire           22%        2d6       38%         2
 Foxfire                  Conj/Fire      24%        2x1d5     43%         1
 Magic Dart               Conj           4%         1d3       63%         1
 Slow                     Hex            4%         N/A       63%         1
 Call Imp                 Summ           1%         N/A       77%         2
 Confusing Touch          Hex            1%         N/A       94%         3
 Gell's Gravitas          Tloc           1%         N/A       94%         3
 Mephitic Cloud           Conj/Pois/Air  1%         N/A       94%         3
 Teleport Other           Tloc           1%         N/A       94%         3
 Vampiric Draining        Necr           1%         2d6       94%         3
 Fireball                 Conj/Fire      3%         3d4       100%        5
 Dispersal                Tloc           0%         N/A       100%        6
 Starburst                Conj/Fire      3%         6d3       100%        6


Dungeon Overview and Level Annotations

Branches:
Dungeon (12/15)            Temple (0/1) D:7            Lair (5/5) D:11
  Swamp (0/4) Lair:2       Spider (0/4) Lair:3        Slime (0/5) Lair:5
    Orc (2/2) D:12            Elf (0/3) Orc:2

Altars:
Ashenzari
Cheibriados
Dithmenos
Hepliaklqana
Kikubaaqudgha
Makhleb
Nemelex Xobeh
Qazlal
Ru
Sif Muna
Trog
Uskayaw
Wu Jian

Shops:
D:4 *   D:10 [   D:11 [[?=   D:12 (

Portals:
Hell: Lair:5

Annotations:
D:7 exclusion: door
Lair:5 1 runed translucent door
Orc:1 2 transporters, SoulCrusher669's ghost, journeyman HOFi


Innate Abilities, Weirdness & Mutations

You are mostly covered in molten scales. (AC +3)
You are robust. (+10% HP)
Spells you cast and wands you use may paralyse nearby enemies.


Message History

Okay, then.
You miss the sixfirhy.
The sixfirhy is moderately wounded.
The sixfirhy barely misses you. The sixfirhy hits you. The sixfirhy shocks you!
The sixfirhy hits you. The sixfirhy shocks you!
The orc wizard casts a spell.
The orc wizard flickers and vanishes!
Deactivating autopickup; reactivate with Ctrl-A.
The orc priest casts a cantrip, but nothing happens.
The sixfirhy hits you but does no damage.
The orc priest hits you from afar with a +0 trident!
The orc priest hits you from afar with a +0 trident.
The orc priest calls down the wrath of Beogh upon you.
Beogh smites you! The sixfirhy barely misses you.
You take 48 damage, and have 43/129 hp.
MASSIVE DAMAGE!!
You miss the sixfirhy.
The sixfirhy is moderately wounded.
The orc priest hits you from afar with a +0 trident!
* * * LOW HITPOINT WARNING * * *
You take 6 damage, and have 37/129 hp.
Okay, then.
As you read the scroll of fear, it crumbles to dust.
You assume a fearsome visage.
The orc priest looks frightened! x4
The sixfirhy resists with some effort.
The orc high priest looks frightened!
The red devil looks frightened!
The orc priest looks frightened!
The orc high priest prays for help.
The sixfirhy closely misses you. The sixfirhy hits you.
* * * LOW HITPOINT WARNING * * *
The sixfirhy shocks you!
* * * LOW HITPOINT WARNING * * *
You take 11 damage, and have 27/129 hp.
The sixfirhy hits you but does no damage.
The sixfirhy hits you.
* * * LOW HITPOINT WARNING * * *
The sixfirhy shocks you!
* * * LOW HITPOINT WARNING * * *
The sixfirhy hits you.
* * * LOW HITPOINT WARNING * * *
The sixfirhy shocks you!
You die...

o{3.....4...... #.....
o)...........#. ###.....
..............# ##.......
............oo. #........
........oo.o..# ###......##
...........3o### ####.#......##
...#......4..#.#####.#..........#
...##...o....o...##.....#.##....#
...#.#.......#.3@.)..............
..#........o###..)..#...#.##.....
####.........#.....###.######....
###..............#### #.#..
###.....##.#..## ###..
##.....###### #.. ###..## ###
#### #


You could see a sixfirhy (summoned), a smoke demon (summoned), a red devil
(summoned, fleeing), an orc priest (fleeing) and an orc wizard.

Vanquished Creatures
  A dire elephant (Lair:5)
  Snorg (Lair:5)
  Fannar (Lair:1)
  Josephine (Lair:4)
  3 hydras
  A catoblepas (Lair:5)
  6 two-headed ogres
  A boulder beetle (Lair:5)
  3 death yaks (Lair:4)
  2 orc high priests
  The ghost of Hubris850 the Grappler, a novice TrGl of Qazlal (D:8)
  Sonja (Lair:2)
  A fire crab (Lair:5)
  5 skysharks
  A wizard (Lair:5)
  A lindwurm (Lair:3)
  2 orc knights
  2 bog bodies (Lair:2)
  3 ugly things (D:12)
  A manticore (D:12)
  An orc sorcerer (Orc:1)
  A cyclops (D:11)
  5 black mambas
  9 elephants
  Joseph (D:8)
  8 cane toads
  An unseen horror (D:10)
  An orange demon (Lair:5)
  A torpor snail (Lair:5)
  10 rime drakes
  3 ice devils (Lair:5)
  A kobold demonologist (D:8)
  12 komodo dragons
  6 trolls
  Prince Ribbit (D:6)
  2 hornets
  5 polar bears
  15 blink frogs
  16 dream sheep
  Sigmund (D:6)
  A shadow (D:11)
  4 wyverns
  6 wraiths
  Eustachio (D:5)
  45 yaks
  4 basilisks
  3 redbacks (Lair:3)
  A steam dragon (D:10)
  Edmund (D:6)
  4 wargs
  3 acid dragons
  4 hell hounds (Lair:5)
  17 water moccasins
  Duvessa (D:4)
  2 ice beasts
  22 orc warriors
  2 sky beasts
  2 black bears
  7 ogres
  6 centaurs
  11 wolves
  10 kobold brigands (D:8)
  12 bullfrogs
  5 scorpions
  Dowan (D:4)
  4 electric eels
  4 lava snakes (Lair:3)
  A hound (D:4)
  22 orc priests
  3 jellies
  3 sleepcaps (D:5)
  5 iguanas
  Natasha (twice) (D:2)
  30 orc wizards
  7 adders
  2 white imps
  2 ufetubi (D:5)
  3 worms
  A dart slug (D:1)
  59 orcs
  2 ball pythons
  6 endoplasms
  10 giant cockroaches
  6 goblins
  13 hobgoblins
  8 jackals
  10 kobolds
  4 quokkas
  4 bats
  3 frilled lizards (D:1)
  4 rats
  A bush (Lair:4)
532 creatures vanquished.

Vanquished Creatures (collateral kills)
  2 elephants (Lair:4)
  A smoke demon (Lair:5)
  An ice devil (Lair:5)
  An orc wizard (Orc:2)
5 creatures vanquished.

Vanquished Creatures (others)
  A sixfirhy (Lair:5)
  A hell hound (Lair:5)
  22 bushes (Lair:5)
  71 foxfires
  45 fungi
  113 plants
  3 toadstools (D:10)
256 creatures vanquished.

Grand Total: 793 creatures vanquished

Notes
Turn   | Place    | Note
-------+----------+-------------------------------------------
     0 | D:1      | jasper the Demonspawn Cinder Acolyte began the quest for
                  | the Orb.
     0 | D:1      | Reached XP level 1. HP: 18/18 MP: 2/2
   326 | D:1      | Reached skill level 3 in Axes
   326 | D:1      | Gained mutation: Spells you cast may paralyse adjacent
                  | enemies. [demonic ancestry]
   326 | D:1      | Reached XP level 2. HP: 24/24 MP: 3/3
   645 | D:1      | Reached skill level 1 in Armour
   698 | D:1      | Reached XP level 3. HP: 27/29 MP: 4/4
   972 | D:1      | Found a bloodstained altar of Trog.
  1223 | D:2      | Found a stormy altar of Qazlal.
  1228 | D:2      | Noticed Natasha
  1241 | D:2      | Killed Natasha
  1242 | D:2      | Gained mutation: You are partially covered in molten
                  | scales. (AC +2) [demonic ancestry]
  1242 | D:2      | Reached XP level 4. HP: 33/35 MP: 5/5
  1265 | D:2      | Noticed a scorpion
  1274 | D:2      | Killed a scorpion
  1275 | D:2      | Reached skill level 4 in Axes
  1596 | D:2      | Noticed Natasha
  1608 | D:2      | Killed Natasha
  1609 | D:2      | Reached XP level 5. HP: 32/42 MP: 6/6
  2408 | D:3      | Noticed an ogre
  2414 | D:3      | Killed an ogre
  2415 | D:3      | Gained mutation: Spells you cast may paralyse nearby
                  | enemies. [demonic ancestry]
  2415 | D:3      | Reached XP level 6. HP: 48/48 MP: 7/7
  3372 | D:4      | Noticed Dowan
  3373 | D:4      | Noticed Duvessa
  3388 | D:4      | Killed Duvessa
  3389 | D:4      | Reached XP level 7. HP: 41/54 MP: 8/8
  3393 | D:4      | Killed Dowan
  3394 | D:4      | Reached skill level 5 in Evocations
  3843 | D:4      | Found Amaegil's Serpentskin Sales.
  3846 | D:4      | Reached skill level 5 in Axes
  3849 | D:4      | Bought 4 curare-tipped darts for 57 gold pieces
  3849 | D:4      | Bought 4 curare-tipped darts for 57 gold pieces
  3919 | D:4      | Found a snail-covered altar of Cheibriados.
  4057 | D:5      | Entered Level 5 of the Dungeon
  4401 | D:5      | Reached XP level 8. HP: 57/61 MP: 9/9
  5069 | D:5      | Reached skill level 5 in Fighting
  5202 | D:5      | Reached skill level 6 in Axes
  5336 | D:5      | Identified a scroll of acquirement
  5336 | D:5      | Acquired a +5 executioner's axe of freezing
  5439 | D:6      | Noticed Edmund
  5447 | D:6      | Noticed Eustachio
  5449 | D:6      | Killed Edmund
  5592 | D:5      | Killed Eustachio
  5686 | D:6      | Reached skill level 7 in Axes
  5952 | D:6      | Noticed Sigmund
  5955 | D:6      | Killed Sigmund
  5956 | D:6      | Reached XP level 9. HP: 69/69 MP: 10/10
  6214 | D:6      | Noticed Prince Ribbit
  6232 | D:6      | Killed Prince Ribbit
  6286 | D:6      | Reached skill level 5 in Armour
  6381 | D:6      | Identified the ring "Gilo" {rPois Str+6}
  6514 | D:6      | Found a hide-covered altar of Uskayaw.
  6631 | D:7      | Found an ornate altar of the Wu Jian Council.
  6667 | D:7      | Reached skill level 8 in Axes
  6964 | D:7      | Found a staircase to the Ecumenical Temple.
  7271 | D:7      | Found a shimmering blue altar of Sif Muna.
  7548 | D:7      | Found a sparkling altar of Nemelex Xobeh.
  8066 | D:8      | Noticed a two-headed ogre
  8106 | D:8      | Killed a two-headed ogre
  8107 | D:8      | Reached skill level 9 in Axes
  8240 | D:8      | Found a runed translucent gate.
  8242 | D:8      | Found a runed translucent gate.
  8242 | D:8      | Found a runed translucent gate.
  8244 | D:8      | Noticed a kobold demonologist
  8244 | D:8      | Noticed Hubris850's ghost (novice TrGl)
  8322 | D:8      | Found a bloodstained altar of Trog.
  8349 | D:8      | Gained mutation: Spells you cast and wands you use may
                  | paralyse nearby enemies. [demonic ancestry]
  8349 | D:8      | Reached XP level 10. HP: 75/79 MP: 11/11
  8716 | D:8      | Found a sacrificial altar of Ru.
  8782 | D:8      | Noticed Joseph
  8791 | D:8      | Killed Joseph
  9177 | D:9      | Noticed a two-headed ogre
  9203 | D:9      | Killed a two-headed ogre
  9252 | D:9      | Reached skill level 10 in Axes
  9735 | D:9      | Found a shadowy altar of Dithmenos.
 10158 | D:9      | Found a broken altar of Ashenzari.
 10284 | D:10     | Entered Level 10 of the Dungeon
 10596 | D:10     | Found a hazy altar of Hepliaklqana.
 10805 | D:10     | Found Meratoh's Antique Armour Emporium.
 11165 | D:10     | Reached XP level 11. HP: 82/87 MP: 12/12
 11325 | D:11     | Found Qesihom's Armour Shoppe.
 11326 | D:11     | Noticed a two-headed ogre
 11328 | D:11     | Bought a +0 cloak for 63 gold pieces
 11335 | D:11     | Killed a two-headed ogre
 11336 | D:11     | Reached skill level 11 in Axes
 11542 | D:11     | Found Ylulal's Magic Scroll Boutique.
 11550 | D:11     | Bought a scroll of teleportation for 48 gold pieces
 12062 | D:11     | Noticed a two-headed ogre
 12066 | D:11     | Killed a two-headed ogre
 12195 | D:11     | Found Uzxolagu's Armour Shoppe.
 12410 | D:11     | Found a staircase to the Lair.
 12544 | D:11     | Found Bemahid's Jewellery Shoppe.
 12574 | D:11     | Found a portal to a secret trove of treasure.
 12579 | Trove    | Entered a treasure trove
 12596 | Trove    | Identified the +8 battleaxe of Luud Idu {heavy, rC+ Stlth+}
 12611 | Trove    | Identified the +9 battleaxe "Grim" {drain, rPois rF+ rN+
                  | Str-4}
 12615 | Trove    | Identified the +1 battleaxe of Premature Burial {flame, rF+
                  | rC++ Will+ Int-3}
 12660 | Trove    | Identified the +3 halberd of Pyipras {speed, Str+6 Dex+3}
 12738 | D:11     | Noticed a two-headed ogre
 12745 | D:11     | Killed a two-headed ogre
 13031 | Lair:1   | Entered Level 1 of the Lair of Beasts
 13354 | Lair:1   | Noticed Fannar
 13365 | Lair:1   | Killed Fannar
 13366 | Lair:1   | Reached skill level 10 in Fighting
 14666 | Lair:2   | Reached skill level 10 in Armour
 14813 | Lair:2   | Gained mutation: You are robust. (+10% HP) [demonic
                  | ancestry]
 14813 | Lair:2   | Reached XP level 12. HP: 42/106 MP: 13/13
 15077 | Lair:2   | Found a staircase to the Swamp.
 15087 | Lair:2   | Reached skill level 12 in Axes
 15574 | D:11     | Bought the amulet of Lugonu, Imbibing {*Slow rN+ Regen+
                  | Int+3} for 460 gold pieces
 15673 | Lair:2   | Noticed Sonja
 15677 | Lair:2   | Killed Sonja
 15678 | Lair:2   | Reached skill level 13 in Axes
 16359 | Lair:3   | Found a hole to the Spider Nest.
 16462 | Lair:3   | Reached skill level 14 in Axes
 17507 | Lair:4   | Noticed a death yak
 17507 | Lair:4   | Noticed a death yak
 17507 | Lair:4   | Noticed a death yak
 17526 | Lair:4   | Killed a death yak
 17527 | Lair:4   | Reached skill level 15 in Axes
 17661 | Lair:4   | Gained mutation: You are mostly covered in molten scales.
                  | (AC +3) [demonic ancestry]
 17661 | Lair:4   | Reached XP level 13. HP: 26/113 MP: 14/14
 18021 | Lair:4   | Noticed Josephine
 18029 | Lair:4   | Killed Josephine
 18769 | Lair:5   | Entered Level 5 of the Lair of Beasts
 19001 | Lair:5   | Found an ancient bone altar of Kikubaaqudgha.
 19504 | Lair:5   | Reached skill level 16 in Axes
 19518 | Lair:5   | Found a runed translucent door.
 19519 | Lair:5   | Noticed an acid blob
 19556 | Lair:5   | Reached XP level 14. HP: 79/125 MP: 15/15
 19884 | Lair:5   | Found a burning altar of Makhleb.
 19884 | Lair:5   | Noticed Snorg
 20603 | Lair:5   | Found a gateway to Hell.
 20612 | Lair:5   | Killed Snorg
 20851 | Lair:5   | Found a staircase to the Slime Pits.
 21061 | D:8      | Killed Hubris850's ghost
 21573 | D:12     | Found a stormy altar of Qazlal.
 21632 | D:12     | Found Begrixt's Weapon Shoppe.
 21647 | D:12     | Found a staircase to the Orcish Mines.
 22085 | Orc:1    | Entered Level 1 of the Orcish Mines
 22205 | Orc:1    | Noticed SoulCrusher669's ghost (journeyman HOFi)
 22206 | Orc:1    | Found a transporter.
 22274 | Orc:1    | Found a transporter.
 22412 | Orc:2    | Entered Level 2 of the Orcish Mines
 22813 | Orc:2    | Found a staircase to the Elven Halls.
 23519 | Orc:2    | Slain by a sixfirhy

Illustrated notes

Levels and vault maps discovered:
D:1:      dpeg_arrival_water_altar, layout_basic, nrook_loot_triangle
D:2:      layout_basic, basic_altar, uniq_natasha
D:3:      minmay_bubble_buster, layout_loops_ring, grunt_ministairs_5
D:4:      layout_loops_ring, chei_slow_surprise, guppyfry_shop_venom,
          uniq_duvessa
D:5:      layout_loops_cross, hellmonk_no_cap
D:6:      layout_rooms, nicolae_overflow_hidden_temple, uniq_prince_ribbit1,
          uniq_eustachio, uniq_edmund, uniq_sigmund
D:7:      layout_gridville, nemelex_spade_bored_becter,
          nicolae_overflow_crystal_walls, led_sif_book,
          minmay_temple_entry_nine_rooms
D:8:      layout_loops_ring, trog_butcher_becter, nicolae_ru_awakened_eye,
          gammafunk_ghost_nasty_kobolds, nrook_uturn, roderic_roman_lattice,
          uniq_joseph
D:9:      layout_cave_pools, mainiacjoe_overflow_catch_the_wave
D:10:     layout_roguey, mainiacjoe_overflow_brackets, minmay_gold_behind_fungi,
          nicolae_wooded_promenade
D:11:     layout_grid_maze, erik_lair_orcish_takeover, serial_shops, shop,
          nicolae_stop_n_shop_1, shop, shop, enter_trove_0, corner_web_ring
D:12:     nicolae_cairo_tiling_large_dashed, layout_basic, orc_david_3,
          nicolae_qazlal_general_emergency
Lair:1:   layout_small_grid, infiniplex_staircase_pool, serial_bayou_shore_a,
          uniq_fannar
Lair:2:   layout_chaotic_city, skrybe_swamp_entry_bodies, basic_altar,
          uniq_sonja
Lair:3:   layout_small_grid, spider_nest_entry_webs, nicolae_lair_liquid_snakes,
          serial_bayou_shore_b, lemuel_fruit_fields, infiniplex_staircase_pool_2
Lair:4:   layout_cave_pods, grunt_megastairs_1, uniq_josephine
Lair:5:   evil_forest, layout_loops_ring, slime_entry_2, serial_forest,
          infiniplex_forest_end_3, infiniplex_forest_lined_3,
          infiniplex_forest_corner_2, infiniplex_forest_diagonal,
          infiniplex_forest_lined_corner, infiniplex_forest_corner_1,
          infiniplex_forest_lined_2, basic_altar, minmay_lair_drake_nest,
          uniq_snorg
Orc:1:    layout_diamond_mine, basic_altar, gammafunk_ghost_berserking_beasts
Orc:2:    st_orc_mages, layout_diamond_mine

Skill      XL: |  1  2  3  4  5  6  7  8  9 10 11 12 13 14 |
---------------+-------------------------------------------+-----
Axes           | 3 4 5 7 9 10 11 15 16 | 16.9
Armour         | 1 2 3 4 6 7 10 11 12 | 12.6
Fighting       | 4 6 7 8 10 11 13 | 13.1
Evocations     | 2 4 5 |  5.2
Spellcasting   | |  1.0
Fire Magic     | |  2.6

Action                     |  1- 3 |  4- 6 |  7- 9 | 10-12 | 13-15 || total
---------------------------+-------+-------+-------+-------+-------++-------
  Melee: Hand axe          |   125 |   182 |   309 |       |       ||   616
         Punch             |     1 |     5 |     3 |     6 |       ||    15
         War axe           |       |       |       |   275 |       ||   275
         Battleaxe         |       |       |       |   198 |   425 ||   623
         Unarmed           |       |       |       |       |    10 ||    10
  Throw: Stone             |       |     1 |    15 |       |       ||    16
         Dart              |       |       |    32 |    57 |    23 ||   112
         Throwing net      |       |       |     2 |       |       ||     2
 Invoke: Foxfire Swarm     |       |     1 |     4 |     2 |       ||     7
  Evoke: Wand              |       |     7 |    30 |    24 |    12 ||    73
         Box of beasts     |       |       |       |       |     1 ||     1
    Use: Scroll            |     5 |     6 |     8 |     8 |     8 ||    35
         Potion            |       |     1 |     1 |     3 |     3 ||     8
   Stab: Paralysed         |       |       |       |    14 |     1 ||    15
 Armour: Chain mail        |    97 |   139 |   180 |   321 |   456 ||  1193
  Dodge: Dodged            |    42 |    58 |   118 |   208 |   243 ||   669

Table legend: (Time is in decaauts)
 A = Elapsed time spent in this place.
 B = Non-inter-level travel time spent in this place.
 C = Inter-level travel time spent in this place.
 D = Time resting spent in this place.
 E = Time spent auto-exploring this place.
 F = Levels seen in this place.
 G = Mean time per level.
                   A        B        C        D        E       F      G
               +--------+--------+--------+--------+--------+-----+--------+
         Total |  23917 |  22333 |   1584 |   4135 |  11306 |  20 | 1195.8 |
       Dungeon |  14225 |  13198 |   1027 |   2377 |   6423 |  12 | 1185.4 |
          Lair |   8086 |   7566 |    520 |   1607 |   3921 |   5 | 1617.2 |
  Orcish Mines |   1465 |   1429 |     36 |    151 |    912 |   2 |  732.5 |
         Trove |    139 |    139 |      0 |      0 |     50 |   1 |  139.0 |
               +--------+--------+--------+--------+--------+-----+--------+

Top non-repeatable levels by time:
  Lair:5: 2090 daAuts
    D:11: 1776 daAuts
  Lair:1: 1685 daAuts
  Lair:2: 1540 daAuts
     D:5: 1469 daAuts
     D:8: 1414 daAuts
  Lair:4: 1400 daAuts
  Lair:3: 1369 daAuts
     D:9: 1366 daAuts
     D:3: 1336 daAuts
     D:7: 1163 daAuts
     D:6: 1043 daAuts
     D:1: 1005 daAuts
    D:12: 932 daAuts
     D:2: 921 daAuts
